 Dungeon Sprint DCSS version 0.27.1-4-g1640c2035a (webtiles) character file.

Game seed: 2637393142307221801

26 boopmooplesden the Shield-Bearer (level 2, 0/28 HPs)
             Began as a Minotaur Fighter on Nov 10, 2021.
             Was an Initiate of Okawaru.
             Slain by an orc warrior (4 damage)
             ... in the Dungeon (Sprint VII: "The Pits").
             The game lasted 00:00:36 (85 turns).

boopmooplesden the Shield-Bearer (Minotaur Fighter)   Turns: 85, Time: 00:00:36

Health: 0/28       AC:  7    Str: 20    XL:     2   Next: 89%
Magic:  1/1        EV:  7    Int:  5    God:    Okawaru [......]
Gold:   0          SH: 10    Dex:  9    Spells: 1/1 levels left

rFire    . . .     SeeInvis .   n - +2 falchion
rCold    . . .     Faith    .   c - +0 kite shield
rNeg     . . .     Spirit   .   b - +0 scale mail
rPois    .         Reflect  .   (helmet restricted)
rElec    .         Harm     .   (no cloak)
rCorr    .         Rampage  .   (no gloves)
Will     .....     NoTele   +   (no boots)
Stlth    ..........             (no amulet)
HPRegen  0.09/turn              (no ring)
MPRegen  0.07/turn              (no ring)

@: no status effects
A: horns 2, retaliatory headbutt
a: Renounce Religion


You were in the Dungeon.
You worshipped Okawaru.
Okawaru was noncommittal.
You visited 1 branch

Inventory:

Hand Weapons
 a - a +0 long sword
 n - a +2 falchion (weapon)
Armour
 b - a +0 scale mail (worn)
 c - a +0 kite shield (worn)
Scrolls
 j - a scroll of blinking
 l - 5 scrolls of amnesia
 m - a scroll of summoning
Potions
 d - a potion of might
 e - a potion of curing
 f - a potion of heal wounds
 g - a potion of haste
 h - 4 potions of magic
 i - 3 potions of berserk rage
 k - 2 potions of invisibility


   Skills:
 + Level 4.9 Fighting
 + Level 3.6 Long Blades
 + Level 5.1 Armour
 + Level 0.4 Dodging
 + Level 5.4 Shields


You had one spell level left.
You didn't know any spells.
Your spell library was empty.

Dungeon Overview and Level Annotations

Branches:
Dungeon (1/1)

Altars:
Ashenzari
Cheibriados
Dithmenos
Elyvilon
Fedhas
Gozag
Hepliaklqana
Kikubaaqudgha
Makhleb
Nemelex Xobeh
Okawaru
Qazlal
Ru
Sif Muna
Trog
Uskayaw
Vehumet
Wu Jian
Xom
Yredelemnul
Zin
The Shining One
Beogh
Jiyva
Lugonu


Innate Abilities, Weirdness & Mutations

You have a pair of horns on your head.
You reflexively headbutt those who attack you in melee.


Message History

You kill the giant cockroach!
Okawaru accepts your kill.
There is an open door here.
You open the door.
An adder comes into view.
The adder hisses angrily.
A giant cockroach, 3 orcs, an orc warrior and a skeleton come into view.
The orc warrior shouts!
The orc shouts! x3
The adder barely misses you. You furiously retaliate!
You headbutt the adder!
You kill the adder!
Okawaru accepts your kill.
An orc comes into view. It is wielding a +0 dagger.
Your Armour skill increases to level 5!
There is an open door here.
There is an open door here.
You hit the orc.
The orc is heavily wounded.
You block the orc's attack. The orc barely misses you.
You barely miss the orc. Your headbutt misses the orc.
The orc is heavily wounded.
The orc hits you but does no damage.
You hit the orc.
You kill the orc!
Okawaru accepts your kill.
You hit the giant cockroach.
You kill the giant cockroach!
Okawaru accepts your kill.
You hit the orc warrior.
The orc warrior is lightly wounded.
The orc warrior hits you with a +0 flail!
Your shield prevents you from hitting the orc warrior.
You headbutt the orc warrior.
The orc warrior is moderately wounded.
The orc warrior hits you with a +0 flail.
You slash the orc warrior!
The orc warrior is severely wounded.
The orc warrior hits you with a +0 flail!
* * * LOW HITPOINT WARNING * * *
The orc warrior hits you with a +0 flail.
You die...

#_________.#
#_________.#
#_______...###########++
##########'##...........
#.?(.')))'.##......#..#
##########.##..........
#...........'...........
+#####'#####......#..#.
#...#@# #...........
#...#o# ####'#####+
#...oo# #.......#
##'#### #.......#
#.o.Z.# #.......#
#...Bo# #...<...#
#...o.o. #.......#
#......o.##.......#
###########.......#


You could see an orc warrior and 2 orcs.

Vanquished Creatures
  2 adders (D)
  An orc (D)
  A bat zombie (D)
  2 giant cockroaches (D)
  A quokka (D)
  A ball python (D)
8 creatures vanquished.

Notes
Turn   | Place    | Note
-------+----------+-------------------------------------------
     0 | D        | boopmooplesden the Minotaur Fighter began the quest for the
                  | Orb.
     0 | D        | Reached XP level 1. HP: 19/19 MP: 0/0
    36 | D        | Found a bloodstained altar of Trog.
    36 | D        | Found a shimmering blue altar of Sif Muna.
    36 | D        | Found a viscous altar of Jiyva.
    36 | D        | Found a hazy altar of Hepliaklqana.
    36 | D        | Found an opulent altar of Gozag.
    37 | D        | Found a glowing golden altar of the Shining One.
    37 | D        | Found a glowing silver altar of Zin.
    37 | D        | Found a basalt altar of Yredelemnul.
    37 | D        | Found a shimmering altar of Xom.
    37 | D        | Found an ornate altar of the Wu Jian Council.
    37 | D        | Found a sacrificial altar of Ru.
    37 | D        | Found a stormy altar of Qazlal.
    37 | D        | Found an iron altar of Okawaru.
    37 | D        | Found a sparkling altar of Nemelex Xobeh.
    37 | D        | Found a burning altar of Makhleb.
    37 | D        | Found a blossoming altar of Fedhas.
    37 | D        | Found a white marble altar of Elyvilon.
    37 | D        | Found a shadowy altar of Dithmenos.
    37 | D        | Found a snail-covered altar of Cheibriados.
    39 | D        | Found a radiant altar of Vehumet.
    39 | D        | Found a corrupted altar of Lugonu.
    40 | D        | Found a hide-covered altar of Uskayaw.
    40 | D        | Found an ancient bone altar of Kikubaaqudgha.
    40 | D        | Found a broken altar of Ashenzari.
    44 | D        | Became a worshipper of Warmaster Okawaru
    63 | D        | Reached XP level 2. HP: 28/28 MP: 1/1
    69 | D        | Reached skill level 5 in Shields
    74 | D        | Noticed an orc warrior
    75 | D        | Reached skill level 5 in Armour
    85 | D        | Slain by an orc warrior

Illustrated notes

Levels and vault maps discovered:
D:        pitsprint [storerooms_1, entrance_room_1, metal_vault_2, armoury_2,
          mini_pit_1, grid_room_1, main_hall_1, silver_pit, the_coven_3,
          the_vestibule_1, steel_vault_5, golden_pit, hallway_of_sentries,
          crystal_vault_2, iron_vault_2, final_vault]

Skill      XL: |  1  2 |
---------------+-------+-----
Shields        | 4 5 |  5.4
Fighting       | 4 |  4.9
Long Blades    | 3 |  3.6
Armour         | 4 5 |  5.1
Dodging        | |  0.4

Action                   || total
-------------------------++-------
Melee: Falchion          ||    17
       Long sword        ||     1
       Headbutt          ||     2
Armor: Scale mail        ||     6
Dodge: Dodged            ||     5
Block: Kite shield       ||    10
